 Dungeon Sprint DCSS version 0.20.1-1-g8b1a95d (webtiles) character file.

465 Tr0llz0r the Fighter (level 6, -2/61 HPs)
             Began as a Centaur Fighter on Oct 25, 2017.
             Slain by a yak (13 damage)
             ... in the Dungeon (Sprint I: "Red Sonja").
             The game lasted 00:03:03 (338 turns).

Tr0llz0r the Fighter (Centaur Fighter)               Turns: 338, Time: 00:03:04

Health: -2/61      AC:  7    Str: 20    XL:     6   Next: 80%
Magic:  6/6        EV:  8    Int:  8    God:
Gold:   317        SH:  0    Dex:  8    Spells: 5/5 levels left

rFire    . . .     SeeInvis .   d - -3 scythe (curse)
rCold    . . .     Gourm    .   (shield currently unavailable)
rNeg     . . .     Faith    .   b - +0 scale mail
rPois    .         Spirit   .   (no helmet)
rElec    .         Reflect  .   (no cloak)
rCorr    .         Harm     .   (no gloves)
MR       .....     NoTele   +   (no barding)
Stlth    ..........             (no amulet)
Regen    0.2/turn               (no ring)
MPRegen  0.1/turn               (no ring)

@: very quick
A: hooves 3, deformed body, speed 2, tough skin 3
a: no special abilities


You were in the Dungeon.
You were not hungry.

You visited 1 branch You collected 317 gold pieces.

Inventory:

Hand Weapons
 a - a +0 long sword
 d - a cursed -3 scythe (weapon)
Armour
 b - a +0 scale mail (worn)
 c - a +0 shield
Scrolls
 k - a scroll of blinking
Potions
 e - a potion of curing
 g - a potion of heal wounds
 h - a potion of haste
 i - 2 potions of magic
Comestibles
 f - a bread ration


   Skills:
 + Level 8.2 Fighting
 + Level 5.4 Long Blades
 + Level 1.5 Polearms
 + Level 6.6 Armour
 + Level 1.3 Dodging
 + Level 5.7 Shields


You had 5 spell levels left.
You didn't know any spells.

Dungeon Overview and Level Annotations

Branches:
Dungeon (1/1)

Altars:
Cheibriados
Dithmenos
Elyvilon
Fedhas
Hepliaklqana
Kikubaaqudgha
Makhleb
Okawaru
Qazlal
Ru
Sif Muna
Trog
Uskayaw
Vehumet
Xom
Yredelemnul
Zin
The Shining One
Jiyva
Lugonu

Shops:
D %


Innate Abilities, Weirdness & Mutations

You have hooves in place of feet.
Armour fits poorly on your strangely shaped body.
You cover ground very quickly.
You have extremely tough skin. (AC +3)


Message History

You slash the yak! Your kick misses the yak.
The yak is lightly wounded.
The yak gores you but does no damage. The yak gores you!
You barely miss the yak. Your kick misses the yak.
The yak is lightly wounded.
The yak gores you but does no damage. The yak gores you!
You slash the yak! You kick the yak!
The yak is severely wounded.
The yak gores you but does no damage. The yak gores you.
You closely miss the yak.
The yak is severely wounded.
The yak gores you but does no damage. The yak barely misses you.
You barely miss the yak.
The yak is severely wounded.
The yak barely misses you. The yak gores you!
* * * LOW HITPOINT WARNING * * *
You barely miss the yak. Your kick misses the yak.
The yak is severely wounded.
The yak barely misses you. The yak gores you!
You die...

###################
#<.#.)'..#..'..#__#
#..').#..'[.#..'^.+
#..#####'#####'#__#
#..# #..#...#.#### §
#..#__####..##§#≈§§.c
#..#_____##'#.§§§§≈
#⌠⌠#_.∩...Y@..§#≈§§
####_..__##_.#'# +#
___ ##+#[# # ###


You could see a yak.

Vanquished Creatures
  A slime creature (D)
  Sigmund (D)
  An ogre (D)
  A jelly (D)
  Ijyb (D)
5 creatures vanquished.

Vanquished Creatures (others)
  A gargoyle (D)
1 creature vanquished.

Grand Total: 6 creatures vanquished

Notes
Turn   | Place    | Note
-------+----------+-------------------------------------------
     0 | D        | Tr0llz0r the Centaur Fighter began the quest for the Orb.
     0 | D        | Reached XP level 1. HP: 19/19 MP: 1/1
     4 | D        | Noticed Ijyb
    20 | D        | Killed Ijyb
    20 | D        | Reached skill level 4 in Fighting
    20 | D        | Reached XP level 2. HP: 22/28 MP: 2/2
    26 | D        | Noticed an ogre
    33 | D        | Killed an ogre
    33 | D        | Reached skill level 5 in Fighting
    33 | D        | Reached XP level 3. HP: 13/37 MP: 3/3
    33 | D        | Reached XP level 4. HP: 15/44 MP: 4/4
    72 | D        | Killed a gargoyle
   261 | D        | Noticed Sigmund
   265 | D        | Killed Sigmund
   265 | D        | Reached skill level 7 in Fighting
   265 | D        | Reached skill level 5 in Armour
   265 | D        | Reached skill level 1 in Dodging
   265 | D        | Reached skill level 5 in Shields
   265 | D        | Reached XP level 5. HP: 52/52 MP: 5/5
   287 | D        | Found a burning altar of Makhleb.
   287 | D        | Found a viscous altar of Jiyva.
   287 | D        | Found a shimmering altar of Xom.
   287 | D        | Found a corrupted altar of Lugonu.
   287 | D        | Noticed a slime creature
   292 | D        | Killed a slime creature
   292 | D        | Reached skill level 8 in Fighting
   292 | D        | Reached skill level 5 in Long Blades
   292 | D        | Reached skill level 1 in Polearms
   292 | D        | Reached XP level 6. HP: 34/61 MP: 6/6
   294 | D        | Found a deep blue altar of Sif Muna.
   296 | D        | Found a radiant altar of Vehumet.
   312 | D        | Noticed a centaur warrior
   332 | D        | Found Qostreli's Food Emporium.
   332 | D        | Found an ancient bone altar of Kikubaaqudgha.
   332 | D        | Found a hazy altar of Hepliaklqana.
   332 | D        | Found a stormy altar of Qazlal.
   332 | D        | Found a hide-covered altar of Uskayaw.
   332 | D        | Found a blossoming altar of Fedhas.
   332 | D        | Found a bloodstained altar of Trog.
   332 | D        | Found an iron altar of Okawaru.
   332 | D        | Found a basalt altar of Yredelemnul.
   332 | D        | Found a glowing golden altar of the Shining One.
   332 | D        | Found a snail-covered altar of Cheibriados.
   332 | D        | Found a sacrificial altar of Ru.
   332 | D        | Found a glowing silver altar of Zin.
   332 | D        | Found a shadowy altar of Dithmenos.
   332 | D        | Found a white marble altar of Elyvilon.
   332 | D        | Noticed a yak
   338 | D        | Slain by a yak

Skill      XL: |  1  2  3  4  5 |
---------------+----------------+-----
Fighting       | 4 5 7 8 |  8.2
Long Blades    | 2 3 4 5 |  5.4
Armour         | 3 4 5 6 |  6.6
Shields        | 3 4 5 |  5.7
Dodging        | 1 |  1.3
Polearms       | 1 |  1.5

Action                   |  1- 3 |  4- 6 || total
-------------------------+-------+-------++-------
Melee: Long sword        |    20 |     2 ||    22
       Kick              |     5 |     6 ||    11
       Scythe            |       |    11 ||    11
  Use: Potion            |     1 |     1 ||     2
Armor: Scale mail        |     8 |     6 ||    14
Dodge: Dodged            |     2 |     6 ||     8
Block: Shield            |     3 |     1 ||     4
       Rpst.: Long sword |     1 |       ||     1
